| TOP OF THE 1ST |
|
Seattle Mariners batting - Pitching for Detroit Tigers : RHP Dennis Martinez
|
|
Pitching: RHP Dennis Martinez
|
|
|
Batting: LHB Mike Stenhouse
|
0-0: Ball 1-0: Called Strike 1-1: Foul Ball, location: 2F 1-2: Ball 2-2: Ground out 5-3 (Groundball, 25, EV 85.6 MPH)
|
|
Batting: LHB Don Mattingly
|
0-0: Ball 1-0: Ball 2-0: SINGLE (Line Drive, 56D, EV 98.1 MPH)
|
|
Batting: RHB Robin Yount
|
0-0: Fly out, F8 (Line Drive, 8RM, EV 90.0 MPH)
|
|
Batting: LHB Chris Wynn
|
0-0: Called Strike 0-1: Foul Ball, location: 2F 0-2: Strikes out swinging
|
| Top of the 1st over - 0 runs, 1 hit, 0 errors, 1 left on base; Seattle 0 - Detroit 0 |
| BOTTOM OF THE 1ST |
|
Detroit Tigers batting - Pitching for Seattle Mariners : RHP Bob Moose
|
|
Pitching: RHP Bob Moose
|
|
|
Batting: SHB Lee Mazzilli
|
0-0: Ground out 6-3 (Groundball, 6M, EV 103.1 MPH)
|
|
Batting: RHB Nick Capra
|
0-0: Foul Ball, location: 2F 0-1: Ball 1-1: Foul Ball, location: 2F 1-2: Ball 2-2: Strikes out swinging
|
|
Batting: LHB Greg Brock
|
0-0: Ground out 4-3 (Groundball, 4, EV 89.4 MPH)
|
| Bottom of the 1st over - 0 runs, 0 hits, 0 errors, 0 left on base; Seattle 0 - Detroit 0 |
| TOP OF THE 2ND |
|
Seattle Mariners batting - Pitching for Detroit Tigers : RHP Dennis Martinez
|
|
Batting: RHB Tony Conigliaro
|
0-0: Ball 1-0: Called Strike 1-1: Swinging Strike 1-2: Strikes out looking
|
|
Batting: LHB Ivan Flores
|
0-0: Called Strike 0-1: Ball 1-1: Fly out, F5 (Popup, 5S, EV 84.4 MPH)
|
|
Batting: RHB Ryne Sandberg
|
0-0: Ball 1-0: Ball 2-0: Ball 3-0: Called Strike 3-1: Foul Ball, location: 2F 3-2: SINGLE (Line Drive, 7S, EV 95.6 MPH)
|
|
Batting: RHB John Rabb
|
0-0: Called Strike Ryne Sandberg steals 2nd base 0-1: Ball 1-1: Swinging Strike 1-2: Strikes out swinging
|
| Top of the 2nd over - 0 runs, 1 hit, 0 errors, 1 left on base; Seattle 0 - Detroit 0 |
| BOTTOM OF THE 2ND |
|
Detroit Tigers batting - Pitching for Seattle Mariners : RHP Bob Moose
|
|
Batting: LHB Randy S Johnson
|
0-0: Ball 1-0: Fly out, F8 (Flyball, 8LS, EV 76.9 MPH)
|
|
Batting: RHB Keith Moreland
|
0-0: Ball 1-0: Fly out, F7 (Flyball, 7LS, EV 96.9 MPH)
|
|
Batting: RHB Andre Thornton
|
0-0: Swinging Strike 0-1: Foul Ball, location: 2F 0-2: Ball 1-2: Foul Ball, location: 2F 1-2: Strikes out swinging
|
| Bottom of the 2nd over - 0 runs, 0 hits, 0 errors, 0 left on base; Seattle 0 - Detroit 0 |
| TOP OF THE 3RD |
|
Seattle Mariners batting - Pitching for Detroit Tigers : RHP Dennis Martinez
|
|
Batting: RHB Kurt Cunningham
|
0-0: Called Strike 0-1: Foul Ball, location: 2F 0-2: Ball 1-2: Strikes out swinging
|
|
Batting: LHB Mike Stenhouse
|
0-0: Ball 1-0: Ball 2-0: Fly out, F7 (Flyball, 78M, EV 91.3 MPH)
|
|
Batting: LHB Don Mattingly
|
0-0: Ground out 5-3 (Groundball, 5L, EV 83.8 MPH)
|
| Top of the 3rd over - 0 runs, 0 hits, 0 errors, 0 left on base; Seattle 0 - Detroit 0 |
| BOTTOM OF THE 3RD |
|
Detroit Tigers batting - Pitching for Seattle Mariners : RHP Bob Moose
|
|
Batting: RHB Larry Parrish
|
0-0: Called Strike 0-1: SOLO HOME RUN (Flyball, 7LD, EV 93.8 MPH), Distance : 355 ft
|
|
Batting: SHB Raul Gonzalez
|
0-0: Ball 1-0: Called Strike 1-1: Ball 2-1: Ball 3-1: Called Strike 3-2: Reached on error, E4 (Groundball, 4, EV 96.9 MPH)
|
|
Batting: RHB Mike Sproles
|
0-0: Fly out, F6 (Popup, 6MS, EV 66.9 MPH)
|
|
Batting: SHB Lee Mazzilli
|
0-0: Hit by Pitch
|
|
Batting: RHB Nick Capra
|
0-0: Called Strike 0-1: Ball 1-1: Ball 2-1: Foul Ball, location: 2F 2-2: SINGLE (Groundball, 34D, EV 103.1 MPH) Raul Gonzalez to third Lee Mazzilli to second Runner from 3rd tries for Home, SAFE, throw by RF to home
|
|
Batting: LHB Greg Brock
|
0-0: Ball 1-0: Called Strike 1-1: Foul Ball, location: 2F 1-2: Ball 2-2: Ball 3-2: Foul Ball, location: 2F 3-2: Fly out, F8 (Line Drive, 8RD, EV 96.9 MPH)
|
|
Batting: LHB Randy S Johnson
|
0-0: Called Strike 0-1: Ball 1-1: Ball 2-1: Called Strike 2-2: SINGLE (Groundball, 4D, EV 104.4 MPH) Lee Mazzilli to third Nick Capra to second Runner from 3rd tries for Home, SAFE, throw by CF to home
|
|
Batting: RHB Keith Moreland
|
0-0: Called Strike 0-1: Called Strike 0-2: Ground out 5-3 (Groundball, 56S, EV 60.6 MPH)
|
| Bottom of the 3rd over - 3 runs, 3 hits, 1 error, 2 left on base; Seattle 0 - Detroit 3 |
| TOP OF THE 4TH |
|
Seattle Mariners batting - Pitching for Detroit Tigers : RHP Dennis Martinez
|
|
Batting: RHB Robin Yount
|
0-0: Ball 1-0: Ball 2-0: Called Strike 2-1: DOUBLE (Groundball, 5L, EV 97.5 MPH)
|
|
Pinch Runner at 2nd Jose Perales:
|
|
|
Batting: LHB Chris Wynn
|
0-0: Called Strike 0-1: Ball 1-1: Swinging Strike 1-2: Fly out, F8 (Flyball, 8LD, EV 87.5 MPH) Runner from 2nd tags up, SAFE at 3rd with throw by CF
|
|
Batting: RHB Tony Conigliaro
|
0-0: Foul Ball, location: 2F 0-1: Called Strike 0-2: Fly out, F7 (Line Drive, 7, EV 91.3 MPH) Runner from 3rd tags up, SCORES, no throw by LF
|
|
Batting: LHB Ivan Flores
|
0-0: Called Strike 0-1: Ball 1-1: Ball 2-1: Swinging Strike 2-2: Foul Ball, location: 2F 2-2: Foul Ball, location: 2F 2-2: Fly out, F3 (Popup, 3DF, EV 73.8 MPH)
|
| Top of the 4th over - 1 run, 1 hit, 0 errors, 0 left on base; Seattle 1 - Detroit 3 |
| BOTTOM OF THE 4TH |
|
Detroit Tigers batting - Pitching for Seattle Mariners : RHP Bob Moose
|
|
Now at 3B: Jose Perales
|
|
|
Batting: RHB Andre Thornton
|
0-0: Reached via error on a dropped throw from 3B, E3 (Groundball, 5, EV 86.3 MPH)
|
|
Batting: RHB Larry Parrish
|
0-0: Ball 1-0: Ball 2-0: Fielders Choice at 2nd, 4-6 (Groundball, 34, EV 103.1 MPH)
|
|
Pitching: RHP Scott Sanderson
|
|
|
Batting: SHB Raul Gonzalez
|
0-0: Called Strike 0-1: Ball 1-1: Fly out, F8 (Flyball, 8RD, EV 90.0 MPH)
|
|
Batting: RHB Mike Sproles
|
0-0: Ground out 4-3 (Groundball, 4MD, EV 106.9 MPH)
|
| Bottom of the 4th over - 0 runs, 0 hits, 1 error, 1 left on base; Seattle 1 - Detroit 3 |
| TOP OF THE 5TH |
|
Seattle Mariners batting - Pitching for Detroit Tigers : RHP Dennis Martinez
|
|
Pitching: RHP Preston Hanna
|
|
|
Batting: RHB Ryne Sandberg
|
0-0: Ball 1-0: Ball 2-0: SINGLE (Line Drive, 34, EV 105.6 MPH)
|
|
Batting: RHB John Rabb
|
0-0: Ball 1-0: Called Strike 1-1: Ball 2-1: Swinging Strike 2-2: Ball 3-2: Foul Ball, location: 2F 3-2: Strikes out swinging Ryne Sandberg steals 2nd base Batter strikes out.
|
|
Batting: RHB Kurt Cunningham
|
0-0: Fly out, F9 (Flyball, 9LM, EV 80.0 MPH)
|
|
Batting: LHB Mike Stenhouse
|
0-0: Ball 1-0: Ball 2-0: Ball 3-0: Called Strike 3-1: Foul Ball, location: 2F 3-2: Foul Ball, location: 2F 3-2: DOUBLE (Flyball, 78XD, EV 98.1 MPH) Ryne Sandberg scores
|
|
Batting: LHB Don Mattingly
|
0-0: Ball 1-0: SINGLE (Line Drive, 8LS, EV 100.6 MPH) Mike Stenhouse to third Runner from 3rd tries for Home, SAFE, throw by CF to home
|
|
Batting: LHB Jose Perales
|
0-0: Ball 1-0: Swinging Strike 1-1: Ball 2-1: Ball 3-1: Base on Balls Don Mattingly to second
|
|
Batting: LHB Chris Wynn
|
0-0: Ball 1-0: Foul Ball, location: 2F 1-1: Swinging Strike 1-2: Foul Ball, location: 2F 1-2: Strikes out swinging
|
| Top of the 5th over - 2 runs, 3 hits, 0 errors, 2 left on base; Seattle 3 - Detroit 3 |
| BOTTOM OF THE 5TH |
|
Detroit Tigers batting - Pitching for Seattle Mariners : RHP Scott Sanderson
|
|
Batting: SHB Lee Mazzilli
|
0-0: Foul Ball, location: 2F 0-1: Foul Ball, location: 2F 0-2: Ball 1-2: Foul Ball, location: 2F 1-2: Ball 2-2: DOUBLE (Line Drive, 9LS, EV 93.8 MPH)
|
|
Batting: RHB Nick Capra
|
0-0: Ball 1-0: Foul Ball, location: 2F 1-1: Foul Ball, location: 2F 1-2: Strikes out swinging
|
|
Batting: LHB Greg Brock
|
0-0: Ball 1-0: Ball 2-0: Fly out, F8 (Flyball, 78XD, EV 106.3 MPH) Runner from 2nd tags up, SAFE at 3rd, no throw by CF
|
|
Batting: LHB Randy S Johnson
|
0-0: Fly out, F7 (Flyball, 7S, EV 86.3 MPH)
|
| Bottom of the 5th over - 0 runs, 1 hit, 0 errors, 1 left on base; Seattle 3 - Detroit 3 |
| TOP OF THE 6TH |
|
Seattle Mariners batting - Pitching for Detroit Tigers : RHP Preston Hanna
|
|
Batting: RHB Tony Conigliaro
|
0-0: Called Strike 0-1: Foul Ball, location: 2F 0-2: Foul Ball, location: 2F 0-2: Ball 1-2: Strikes out looking
|
|
Batting: LHB Ivan Flores
|
0-0: Bunt missed! 0-1: Ball 1-1: SINGLE (Flyball, 6D, EV 90.0 MPH)
|
|
Batting: RHB Ryne Sandberg
|
0-0: Called Strike 0-1: Swinging Strike 0-2: Fielders Choice at 2nd, 5-4 (Groundball, 56, EV 106.9 MPH)
|
|
Batting: RHB John Rabb
|
0-0: Called Strike Ryne Sandberg is caught stealing 2nd base 2-4
|
| Top of the 6th over - 0 runs, 1 hit, 0 errors, 0 left on base; Seattle 3 - Detroit 3 |
| BOTTOM OF THE 6TH |
|
Detroit Tigers batting - Pitching for Seattle Mariners : RHP Scott Sanderson
|
|
Batting: RHB Keith Moreland
|
0-0: Called Strike 0-1: Foul Ball, location: 2F 0-2: Foul Ball, location: 2F 0-2: Foul Ball, location: 2F 0-2: Strikes out swinging
|
|
Batting: RHB Andre Thornton
|
0-0: Foul Ball, location: 2F 0-1: Ground out 4-3 (Groundball, 4, EV 88.8 MPH)
|
|
Batting: RHB Larry Parrish
|
0-0: Called Strike 0-1: Ball 1-1: Foul Ball, location: 2F 1-2: Ball 2-2: Ball 3-2: Foul Ball, location: 2F 3-2: Foul Ball, location: 2F 3-2: Fly out, F7 (Flyball, 7LS, EV 87.5 MPH)
|
| Bottom of the 6th over - 0 runs, 0 hits, 0 errors, 0 left on base; Seattle 3 - Detroit 3 |
| TOP OF THE 7TH |
|
Seattle Mariners batting - Pitching for Detroit Tigers : RHP Preston Hanna
|
|
Batting: RHB John Rabb
|
0-0: Ball 1-0: Ball 2-0: DOUBLE (Flyball, 8LXD, EV 110.6 MPH)
|
|
Batting: RHB Kurt Cunningham
|
0-0: Swinging Strike 0-1: Called Strike 0-2: Ball 1-2: Fly out, F5 (Flyball, 56D, EV 78.1 MPH)
|
|
Pinch Hitting: RHB Ramon Estepa
|
0-0: Called Strike 0-1: Reached on error, E4 (Groundball, 4, EV 88.1 MPH) John Rabb to third
|
|
Pinch Hitting: RHB Juan DeLiza
|
0-0: Ball 1-0: Ball 2-0: Fly out, F9 (Flyball, 9LM, EV 84.4 MPH) Runner from 3rd tags up, SCORES, throw by RF
|
|
Pitching: RHP Santo Alcala
|
|
|
Batting: LHB Jose Perales
|
0-0: Ball Ramon Estepa is caught stealing 2nd base 2-6
|
| Top of the 7th over - 1 run, 1 hit, 1 error, 0 left on base; Seattle 4 - Detroit 3 |
| BOTTOM OF THE 7TH |
|
Detroit Tigers batting - Pitching for Seattle Mariners : RHP Scott Sanderson
|
|
Pitching: RHP Nick Bowditch
|
|
|
Now at 1B: Juan DeLiza
|
|
|
Now in CF: Ramon Estepa
|
|
|
Batting: SHB Raul Gonzalez
|
0-0: Ball 1-0: Ball 2-0: Called Strike 2-1: Foul Ball, location: 2F 2-2: Ground out U3 (Groundball, 3, EV 103.8 MPH)
|
|
Batting: RHB Mike Sproles
|
0-0: Ball 1-0: Foul Ball, location: 2F 1-1: Ball 2-1: Called Strike 2-2: SINGLE (Groundball, 6MD, EV 100.0 MPH)
|
|
Pinch Hitting: RHB Rusty Tillman
|
0-0: Swinging Strike 0-1: Called Strike 0-2: Ball 1-2: Foul Ball, location: 2F 1-2: Strikes out swinging Mike Sproles is caught stealing 2nd base 2-4 Batter strikes out.
|
| Bottom of the 7th over - 0 runs, 1 hit, 0 errors, 0 left on base; Seattle 4 - Detroit 3 |
| TOP OF THE 8TH |
|
Seattle Mariners batting - Pitching for Detroit Tigers : RHP Santo Alcala
|
|
Now in LF: Rusty Tillman
|
|
|
Batting: LHB Jose Perales
|
0-0: Foul Ball, location: 2F 0-1: Ball 1-1: Swinging Strike 1-2: Fly out, F8 (Flyball, 89D, EV 86.3 MPH)
|
|
Batting: SHB Miguel Dilone
|
0-0: Called Strike 0-1: Ball 1-1: Foul Ball, location: 2F 1-2: Ball 2-2: Ball 3-2: Ground out 4-3 (Groundball, 4, EV 90.0 MPH)
|
|
Pinch Hitting: RHB Bobby Bonds
|
0-0: Ball 1-0: Foul Ball, location: 2F 1-1: Ball 2-1: Foul Ball, location: 2F 2-2: Ground out 4-3 (Groundball, 4, EV 88.8 MPH)
|
| Top of the 8th over - 0 runs, 0 hits, 0 errors, 0 left on base; Seattle 4 - Detroit 3 |
| BOTTOM OF THE 8TH |
|
Detroit Tigers batting - Pitching for Seattle Mariners : RHP Nick Bowditch
|
|
Now in RF: Bobby Bonds
|
|
|
Pinch Hitting: RHB Jose Hidalgo
|
0-0: Ground out 5-3 (Groundball, 25, EV 85.0 MPH)
|
|
Pinch Hitting: RHB William Young
|
0-0: Ball 1-0: Swinging Strike 1-1: Foul Ball, location: 2F 1-2: Strikes out swinging
|
|
Pinch Hitting: RHB Rusty Kuntz
|
0-0: Ball 1-0: Ball 2-0: Foul Ball, location: 2F 2-1: Fly out, F9 (Flyball, 89D, EV 106.9 MPH)
|
| Bottom of the 8th over - 0 runs, 0 hits, 0 errors, 0 left on base; Seattle 4 - Detroit 3 |
| TOP OF THE 9TH |
|
Seattle Mariners batting - Pitching for Detroit Tigers : RHP Santo Alcala
|
|
Now at 1B: William Young
|
|
|
Now at 2B: Jose Hidalgo
|
|
|
Now in RF: Rusty Kuntz
|
|
|
Batting: LHB Ivan Flores
|
0-0: Ball 1-0: Called Strike 1-1: Ball 2-1: Ball 3-1: Ground out 6-3 (Groundball, 6, EV 85.0 MPH)
|
|
Pinch Hitting: RHB Paul Runge
|
0-0: Called Strike 0-1: Ball 1-1: Ball 2-1: Swinging Strike 2-2: Foul Ball, location: 2F 2-2: Ball 3-2: DOUBLE (Groundball, 5L, EV 94.4 MPH)
|
|
Pitching: RHP J R Richard
|
|
|
Pinch Hitting: LHB Rich Gedman
|
0-0: Called Strike 0-1: Ball 1-1: Ball 2-1: Foul Ball, location: 2F 2-2: Foul Ball, location: 2F 2-2: Foul Ball, location: 2F 2-2: 2-RUN HOME RUN (Flyball, 89XD, EV 96.9 MPH), Distance : 458 ft
|
|
Pinch Hitting: LHB Glen Franklin
|
0-0: Ball 1-0: Ball 2-0: Called Strike 2-1: Swinging Strike 2-2: Foul Ball, location: 2F 2-2: Foul Ball, location: 2F 2-2: Strikes out swinging
|
|
Batting: RHB Ramon Estepa
|
0-0: Called Strike 0-1: Ball 1-1: Foul Ball, location: 2F 1-2: Strikes out swinging
|
| Top of the 9th over - 2 runs, 2 hits, 0 errors, 0 left on base; Seattle 6 - Detroit 3 |
| BOTTOM OF THE 9TH |
|
Detroit Tigers batting - Pitching for Seattle Mariners : RHP Nick Bowditch
|
|
Now at C: Rich Gedman
|
|
|
Now at 2B: Paul Runge
|
|
|
Now at SS: Glen Franklin
|
|
|
Pinch Hitting: LHB Dan Graham
|
0-0: Called Strike 0-1: Ball 1-1: Swinging Strike 1-2: Ball 2-2: Strikes out swinging, 2-3 out at first.
|
|
Batting: SHB Tony Phillips
|
0-0: Called Strike 0-1: Ball 1-1: Called Strike 1-2: Strikes out looking
|
|
Pinch Hitting: RHB Tom Lawless
|
0-0: Called Strike 0-1: Ball 1-1: Called Strike 1-2: Ball 2-2: Ball 3-2: Strikes out swinging
|
| Bottom of the 9th over - 0 runs, 0 hits, 0 errors, 0 left on base; Seattle 6 - Detroit 3 |
|